Cogmind - Beta 13 @@@ ROGUE MODE // 2024.04.01 @ 09:33:05 Player: TheWritersMind Result: Destroyed by D-53 Grenadier with Mini Grenade Launcher Performance ------------- Evolutions (0) 0 Regions Visited (0) 0 Robots Destroyed (0) 0 Value Destroyed (0) 0 Prototype IDs (0) 0 Alien Tech Used (0) 0 Bonus (0) 0 TOTAL SCORE: 0 Bonus ------- None Cogmind --------- Core Integrity 0/250 Matter 290/300 Energy 124/250 System Corruption 0% Temperature Cool (0) Movement Treading (160) Location -11/Scrapyard Parts ------- > --- POWER (1) -------- Ion Engine > --- PROPULSION (2) --- Light Treads > --- UTILITY (2) ------ Small Storage Unit > --- WEAPON (2) ------- Light Assault Rifle > --- INVENTORY (8) ---- Compact Wheel Compact Wheel Small Laser Peak State ------------ > --- POWER ------------ Ion Engine > --- PROPULSION ------- Light Treads Light Treads > --- UTILITY ---------- Small Storage Unit > --- WEAPON ----------- Medium Laser Light Assault Rifle > --- INVENTORY -------- Ion Engine Small Laser [Rating: 6] Favorites ----------- Power Ion Engine Engine Ion Engine Propulsion Light Treads Treads Light Treads Utility Small Storage Unit Storage Small Storage Unit Weapon Light Assault Rifle Energy Gun Medium Laser Ballistic Gun Light Assault Rifle Build | -11 ------- Run | Yrd Slots Evolved . | . Power . | . Propulsion . | . Utility . | . Weapon . | . Parts Attached 7 | 7 Power 2 | 2 Engine 2 | 2 Core . | . Reactor . | . Propulsion 2 | 2 Treads 2 | 2 Leg . | . Wheel . | . Hover . | . Flight . | . Utility 1 | 1 Device . | . Storage 1 | 1 Processor . | . Hackware . | . Protection . | . Artifact . | . Weapon 2 | 2 Energy Gun 1 | 1 Energy Cannon . | . Ballistic Gun 1 | 1 Ballistic Cannon . | . Launcher . | . Special Weapon . | . Impact Weapon . | . Slashing Weapon . | . Piercing Weapon . | . Special Melee Weapon . | . Unidentified Prototypes . | . Parts Lost 3 | 3 Power 1 | 1 Propulsion 1 | 1 Utility . | . Weapon 1 | 1 Highest Loss Streak 3 | 3 To Critical Strikes . | . Average Slot Usage (%) . | . Naked Turns . | . Heaviest Build 13 | 13 Greatest Support 40 | 40 Greatest Overweight (x) 1 | 1 Average Overweight (x) . | . Largest Inventory Capacity 8 | 8 Average Capacity 7 | 7 Most Carried 7 | 7 Average Carried 3 | 3 Final Capacity 8 | 8 Final Carried 3 | 3 Class Distribution -------------------- None Dominant Class ---------------- None Resources | -11 ----------- Run | Yrd Matter Collected 259 | 259 Remotely . | . Salvage Created . | . Parts . | . Haulers Intercepted . | . Recyclers Shooed . | . Parts Field Recycled . | . Retrieved Matter . | . Parts Self-Destructed . | . Prevented . | . Kills | -11 ------- Run | Yrd Combat Hostiles Destroyed . | . Classes Destroyed . | . Best Kill Streak . | . Combat Bots Only . | . Max Kills in Single Turn . | . Gunslinging . | . Exploded . | . Melee . | . Uniques/NPCs Destroyed . | . Combat | -11 -------- Run | Yrd Hostile Shots Fired 47 | 47 Missed 16 | 16 Damage Taken 799 | 799 Core 252 | 252 Absorbed by Shields . | . Core Remaining (%) . | . Volleys Fired 3 | 3 Largest 2 | 2 Hottest 70 | 70 Shots Fired 6 | 6 Gun 6 | 6 Cannon . | . Launcher . | . Special . | . Kinetic 3 | 3 Thermal 3 | 3 Explosive . | . Electromagnetic . | . Robot Hit Streak 3 | 3 Robot Miss Streak 1 | 1 Penetration Max . | . Secondary Targets . | . Shots Hit Robots 3 | 3 Core Hits 1 | 1 Critical Kills . | . Critical Parts Destroyed . | . Critical Strikes . | . Melee Attacks . | . Impact . | . Slashing . | . Piercing . | . Sneak Attacks . | . Combat Hostiles . | . Follow-up Attacks . | . Damage Inflicted 48 | 48 Guns 48 | 48 Cannons . | . Explosions . | . Melee . | . Ramming . | . Kinetic 23 | 23 Thermal 25 | 25 Explosive . | . Electromagnetic . | . Impact . | . Slashing . | . Piercing . | . Highest Corruption . | . Average Corruption . | . Corruption Purged . | . Corruption Blocked . | . Overload Shots . | . Overflow Damage . | . Projectiles . | . Explosions . | . Melee . | . Knockbacks . | . Impact . | . Kinetic . | . Secondary . | . Self-Inflicted Damage . | . Shots . | . Rammed . | . Targets Rammed . | . Kicked . | . Crushed . | . Highest Temperature 70 | 70 Average Temperature 40 | 40 Received Heat Transfer 20 | 20 Siege Activations . | . Robots Corrupted . | . Combat Hostiles . | . Parts Fried . | . Impact Corruptions . | . Robots Melted . | . Combat Hostiles . | . Parts Melted . | . Heat Transferred 74 | 74 Parts Sabotaged . | . Parts Stolen . | . Parts Stripped . | . Power Chain Reactions . | . Alert | -11 ------- Run | Yrd Peak Influence . | . Initial . | . Average . | . Maximum Alert Level . | . Low Security (%) 100 | 100 Level 1 . | . Level 2 . | . Level 3 . | . Level 4 . | . Level 5 . | . High Security . | . Max Security . | . Squads Dispatched . | . Investigation . | . Extermination . | . Reinforcement . | . Assault . | . Garrison . | . Intercept . | . Searches Triggered . | . Construction Impeded . | . Haulers Reinforced . | . Active Scanning Responses . | . Cargo Convoy Interrupts . | . Stealth | -11 --------- Run | Yrd Distress Signals . | . Communications Jammed . | . Distress Signals . | . Times Spotted 20 | 20 Peak Tracking Total 19 | 19 Tactical Retreats . | . Traps | -11 ------- Run | Yrd Traps Triggered . | . Indirectly . | . Trap Hack Attempts . | . Triggered . | . Disarmed . | . Reprogrammed . | . Reused . | . Traps Extracted . | . Installed . | . Triggered . | . Machines | -11 ---------- Run | Yrd Machines Disabled . | . Max in Single Turn . | . Machines Repaired . | . Machines Dismantled . | . Machines Sabotaged . | . Overloaded Fab Kills . | . Hacking | -11 --------- Run | Yrd Machines Accessed . | . Terminals . | . Fabricators . | . Repair Stations . | . Recycling Units . | . Scanalyzers . | . Garrison Access . | . Total Hacks . | . Successful . | . Failed . | . Catastrophic . | . Database Lockouts . | . Manual . | . Terminals . | . Fabricators . | . Repair Stations . | . Recycling Units . | . Scanalyzers . | . Garrison Access . | . Terminal Hacks . | . Fabricator Hacks . | . Repair Station Hacks . | . Recycling Unit Hacks . | . Scanalyzer . | . Garrison Access Hacks . | . Unauthorized Hacks . | . Terminals . | . Fabricators . | . Repair Stations . | . Recycling Units . | . Scanalyzers . | . Garrison Access . | . Data Cores Recovered . | . Used . | . Hacking Detections . | . Full Trace Events . | . Feedback Events . | . Feedback Blocked . | . Robot Schematics Acquired . | . Robots Built . | . Authchips . | . Time . | . Total Robot Build Rating . | . Part Schematics Acquired . | . Parts Built . | . Authchips . | . Time . | . Total Part Build Rating . | . Parts Repaired . | . Time . | . Parts Recycled . | . Recycled Matter . | . Retrieved Matter . | . Retrieved Components . | . Parts Scanalyzed . | . Part Schematics Acquired . | . Parts Damaged . | . Bothacking | -11 ------------ Run | Yrd Used RIF Installer . | . Robots Hacked . | . Non-combat . | . Combat . | . Robot Hacks Applied . | . Relay Couplers Released . | . Fabnet Peak Effective % . | . Robots Rewired . | . Allies Hacked . | . Hacks Repelled . | . Allies | -11 -------- Run | Yrd Total Allies . | . Largest Group . | . Highest-Rated Group . | . Highest-Rated Ally . | . Total Orders . | . Ally Attacks . | . Total Damage . | . Kills . | . Allies Corrupted . | . Allies Melted . | . Intel | -11 ------- Run | Yrd Robot Analysis Total . | . Derelict Logs Recovered . | . Drone Launches . | . Drone Recoveries . | . Exploration | -11 ------------- Run | Yrd Turns Passed 1087 | 1087 Spaces Moved 118 | 118 Core 25 | 25 Treads 93 | 93 Legs . | . Wheels . | . Hover . | . Flight . | . Fastest Speed 50 | 50 Average Speed 146 | 146 Slowest Speed 160 | 160 Overloaded Moves . | . Propulsion Burnouts . | . Robots Hopped . | . Cave-ins Triggered . | . Exploration Rate (%) 18 | 18 Regions Visited . Branch Regions . Pre-discovered Areas . | . Known Exits Taken . | . Unknown Exits Taken . | . Scrap Searched . | . Spaces Dug . | . Terrain Destroyed . | . Melee . | . Projectile . | . AOE . | . Terrain Rammed . | . Walls Destroyed . | . Machines Disabled . | . Actions | -11 --------- Run | Yrd Total 1027 | 1027 Wait 889 | 889 Move 118 | 118 Hop . | . Pick Up 10 | 10 Fast Attach . | . Attach 7 | 7 Detach . | . Swap . | . Drop . | . Fire 3 | 3 Melee . | . Ram . | . Kick . | . Crush . | . Escape Stasis . | . Rewire . | . Trap . | . Miscellaneous . | . Route ------- -11/Scrapyard (discovered 1 exit: [*Mat]) History --------- Turn | Location | Event 15 | -11/Scrapyard | Discovered new exit (range 16) 1055 | -11/Scrapyard | Assembled infested the area 1079 | -11/Scrapyard | Core integrity fell below 50% 1082 | -11/Scrapyard | Core integrity fell below 20% 1088 | -11/Scrapyard | Destroyed by D-53 Grenadier with Mini Grenade Launcher Last Messages --------------- Lgt. Treads destroyed. Ion Engine destroyed. as-24231 destroyed. as-87478 destroyed. as-23737 destroyed. Med. Laser destroyed. as-86214 destroyed. as-62273 destroyed. as-44111 destroyed. as-41508 destroyed. as-11625 destroyed. as-91767 destroyed. as-51188 destroyed. as-78282 destroyed. as-74274 destroyed. as-85634 destroyed. as-40077 destroyed. as-21572 destroyed. as-95688 destroyed. as-00429 destroyed. Map ----- +----------------------------------------------------+ | ?????????????????????????????????????????????????? | | ?????????????????????????????????????????????????? | | ?????????????????????????????????????????????????? | | ?????????????????????????????????????????????????? | | ?????????????????????????????????????????????????? | | ?????????????????????????????????????????????????? | | ?????????????????????????????????????????????????? | | ?????????????????????????????????????????????????? | | ?????????????????????????????????????????????????? | | ?????????????????????????????????????????????????? | | ?????????????????????????????????????????????????? | | ????????????##########???????????????????????????? | | ????????????# ##??????????????????????????? | | ????????#???# #??????????????????????????? | | ????????# ??# #??????????????????????????? | | ?????????# ?# #??????????????????????????? | | ?????????# ######??????????????????????????? | | ?????????# ! ##???????????????????????????? | | ?????????# % #####???????????????????????? | | ?????????# #???????????????????????? | | ?????????# % #???????????????????????? | | ?????????# #####???????????????????? | | ?????????# d #???????????????????? | | ?????????# #???????????????????? | | ?????????# d #???????????????????? | | ?????????### @ #???????????????????? | | ???????????###### #% #???????????????????? | | ????????????????##### # # #???????????????????? | | ????????????????????####### #???????????????????? | | ??????????????????????????# #???????????????????? | | ????????????????????####### #???????????????????? | | ????????????????????# # #???????????????????? | | ????????????????????# # #???????????????????? | | ????????????????????# #???????????????????? | | ????????????????????# # #???????????????????? | | ????????????????????# # #???????????????????? | | ????????????????????# # #?######????????????? | | ????????????????????# # #? #????????????? | | ????????????????########### # #????????????? | | ????????????????# # # #????????????? | | ????????????????# #????????????? | | ????????????????# # # #????????????? | | ????????????????# # # #????????????? | | ????????????????########### ########????????????? | | ??????????##########???# #????????????????? | | ??????????# #???# #????????????????? | | ??????????# = #???# ###??????????????? | | ??????????# ##### #??????????????? | | ??????????# #??????????????? | | ??????????# ###??????????????? | +----------------------------------------------------+ Best States ------------- Heat Dissipation 25 Energy Generation 10 Energy Capacity 250 Matter Stores 300 Matter Capacity 300 Sight Range 16 Terrain Scan Density 10 Evasion (%) 40 Recoil Reduction 2 Item Schematics ----------------- None Robot Schematics ------------------ None Fabricated ------------ Nothing Alien Tech Used ----------------- None Achievements -------------- Curiosity Killed The Cat Challenges ------------ None Game ------ Seed SensorTacticalChainsword Manual? 0 Play Time 00:06:46 Cumulative 4.7 hours Start 2024.04.01 @ 09:28:48 End 2024.04.01 @ 09:33:05 Sessions 0 Manual Loads 0 Difficulty Rogue Special Mode None Game No. 3 Rogue 2 Adventurer 0 Explorer 1 Win Type - Total 0 Types 0/0/0/0/0/0/0/0/0 Lore% 2 Gallery% 9 Achievement% 11 Wizard Run 0 Options --------- Layout 1 ASCII 0 Keyboard 0 Movement Mouse Keybinds 0 Fullscreen 1 Font 24/Smallcaps Map View 50x35 Zoom Use 0% Tactical HUD 0 Map Filters NONE Filters NONE Steam 1 RUN: 0d9c8b0c-bfdc-4af9-9a1f-55381d980060